 Dungeon Crawl Stone Soup version 0.28-a0-983-g1de4e0787c (webtiles) character file.

Game seed: 13832771991268416839

1688 Crownlay the Firebug (level 9, -1/47 (65) HPs)
             Began as a Gnoll Fire Elementalist on Dec 2, 2021.
             Was a Follower of Sif Muna.
             Slain by an adder (4 damage)
             ... on level 4 of the Dungeon.
             The game lasted 00:15:52 (7118 turns).

Crownlay the Firebug (Gnoll Fire Elementalist)      Turns: 7118, Time: 00:15:53

HP:   -1/47 (65)    AC:  3    Str:  7    XL:     9   Next: 2%
MP:   15/18         EV: 14    Int: 18    God:    Sif Muna [*.....]
Gold: 177           SH:  0    Dex: 14    Spells: 13/20 levels left

rFire   . . .      SeeInvis .   d - +2 short sword (elec)
rCold   + . .      Faith    .   (no shield)
rNeg    . . .      Spirit   .   a - +0 robe
rPois   .          Reflect  .   (no helmet)
rElec   .          Harm     .   (no cloak)
rCorr   .          Rampage  .   A - +0 pair of gloves
Will    .....                   (no boots)
Stlth   +++.......              (no amulet)
HPRegen 0.15/turn               n - ring of protection from cold
MPRegen 0.16/turn               (no ring)

@: lethally poisoned (-1 -> -2), very heavily drained
A: fangs 1, strong nose, distributed training
a: Renounce Religion, Channel Magic


You were on level 4 of the Dungeon.
You worshipped Sif Muna.
Sif Muna was aware of your devotion.
You visited 2 branches of the dungeon, and saw 7 of its levels.
You also visited: Ossuary.

You collected 177 gold pieces.

Inventory:

Hand Weapons
 d - a +2 short sword of electrocution (weapon)
Missiles
 C - 2 throwing nets
Armour
 a - a +0 robe (worn)
 A - a +0 pair of gloves (worn)
Jewellery
 n - a ring of protection from cold (left hand)
 E - an amulet of regeneration
Scrolls
 b - a scroll of vulnerability {unknown}
 e - 2 scrolls of amnesia
 h - 2 scrolls of blinking {unknown}
 l - 4 scrolls of teleportation
 p - a scroll of magic mapping {unknown}
 q - a scroll of holy word {unknown}
 t - a scroll of fog {unknown}
 u - a scroll of fear {unknown}
 v - a scroll of enchant weapon {unknown}
 w - 3 scrolls of noise
 y - a scroll of immolation {unknown}
 z - a scroll of summoning {unknown}
 B - a scroll of torment {unknown}
 D - 2 scrolls of enchant armour
Potions
 c - 4 potions of curing
 f - 12 potions of degeneration
 g - 2 potions of might {unknown}
 i - a potion of ambrosia {unknown}
 j - a potion of brilliance {unknown}
 k - 5 potions of heal wounds
 o - 3 potions of haste {unknown}
 r - a potion of invisibility {unknown}
 s - a potion of cancellation {unknown}
 x - 2 potions of mutation


   Skills:
 + Level 3.8 Fighting
 + Level 3.8 Short Blades
 + Level 3.8 Long Blades
 + Level 3.8 Axes
 + Level 3.8 Maces & Flails
 + Level 3.8 Polearms
 + Level 3.8 Staves
 + Level 3.8 Slings
 + Level 3.8 Bows
 + Level 3.8 Crossbows
 + Level 3.8 Throwing
 + Level 3.8 Armour
 + Level 6.0 Dodging
 + Level 5.7 Stealth
 + Level 3.8 Shields
 + Level 3.8 Unarmed Combat
 + Level 6.3 Spellcasting
 + Level 3.8 Conjurations
 + Level 3.1 Hexes
 + Level 3.1 Summonings
 + Level 3.1 Necromancy
 + Level 3.1 Translocations
 + Level 3.1 Transmutations
 + Level 6.3 Fire Magic
 + Level 3.1 Ice Magic
 + Level 3.1 Air Magic
 + Level 3.1 Earth Magic
 + Level 3.1 Poison Magic
 + Level 4.1 Invocations
 + Level 3.8 Evocations


You had 13 spell levels left.
You knew the following spells:

 Your Spells              Type           Power      Damage    Failure   Level
a - Foxfire               Conj/Fire      96%        2x1d8     1%          1
b - Scorch                Fire           56%        2d8       1%          2
c - Flame Wave            Conj/Fire      24%        2d6       14%         4

Your spell library contained the following spells:

 Spells                   Type           Power      Damage    Failure   Level
 Ensorcelled Hibernation  Hex/Ice        32%        N/A       4%          2
 Conjure Flame            Conj/Fire      24%        6-21      4%          3
 Inner Flame              Hex/Fire       22%        N/A       4%          3
 Spider Form              Tmut/Pois      16%        N/A       10%         3


Dungeon Overview and Level Annotations

Branches:
Dungeon (6/15)             Temple (1/1) D:4         Ossuary (visited)

Altars:
Cheibriados
Dithmenos
Elyvilon
Fedhas
Hepliaklqana
Nemelex Xobeh
Sif Muna
Uskayaw
Yredelemnul

Shops:
D:3 [


Innate Abilities, Weirdness & Mutations

You have very sharp teeth.
Your uncanny sense of smell can sniff out nearby items.
Your experience applies equally to all skills.


Message History

A wave of flame ripples out!
The flame wave engulfs the wight.
The wight is lightly damaged.
The flame wave engulfs the adder.
The adder is heavily wounded.
The flame wave engulfs the wight!
The wight is almost destroyed.
The adder bites you but does no damage. The wight hits you with a +3 hand axe!
* * * LOW HITPOINT WARNING * * *
You feel drained. The wight hits you with a +4 spear.
* * * LOW HITPOINT WARNING * * *
You feel drained.
* * * LOW HITPOINT WARNING * * *
The adder misses you. The wight barely misses you. The wight misses you.
You climb upwards.
There is a stone staircase leading down here.
The adder barely misses you. The wight closely misses you. The adder bites you.
* * * LOW HITPOINT WARNING * * *
The adder bites you but does no damage. The adder closely misses you.
The adder bites you.
* * * LOW HITPOINT WARNING * * *
The adder completely misses you. The adder completely misses you.
There is a stone staircase leading up, spattered with blood here.
The adder bites you.
* * * LOW HITPOINT WARNING * * *
You are poisoned.
The adder poisons you!
You climb upwards.
* * * LOW HITPOINT WARNING * * *
You feel sick.
There is a stone staircase leading down here.
Casting: Flame Wave (quite dangerous; 14% risk of failure)
Confirm with . or Enter, or press ? or * to list all spells.
Flames lash the adder.
The adder is almost dead.
The adder's fire resistance burns away.
You feel sick. The adder barely misses you. The adder bites you.
You die...

##### #...#
#...#########
#...........##
#...........##
#...(.......##
#####...........##
#@................
#S###...........#.
#.# #..§...†....#.
#.# #.........#.'.
#.# #.#####...#.#)
#.# #...........#.
#.# #######...###.
#.#########...###.
#.................


You could see an adder (combustible).

Vanquished Creatures
  Sigmund (D:3)
  2 sky beasts (D:5)
  2 ogres
  A phantom (D:5)
  A kobold brigand (D:4)
  A gnoll sergeant (D:4)
  A scorpion (D:4)
  A water moccasin skeleton (D:4)
  6 wights
  A centaur zombie (Ossuary)
  A hound (D:5)
  An orc priest (D:4)
  A centaur skeleton (D:5)
  A bullfrog skeleton (D:5)
  Natasha (thrice) (D:3)
  2 iguanas (D:4)
  2 orc wizards
  A hound skeleton (D:5)
  5 mummies (Ossuary)
  4 gnolls (D:4)
  A howler monkey skeleton (D:4)
  10 adders
  A white imp (D:5)
  A worm (D:2)
  5 dart slugs
  5 orcs
  3 bats
  8 endoplasms
  A gnoll zombie (Ossuary)
  2 goblins
  8 hobgoblins
  4 quokkas
  3 ball pythons
  4 frilled lizards
  A goblin zombie (Ossuary)
  A hobgoblin zombie (Ossuary)
  11 kobolds
  2 kobold zombies (Ossuary)
  2 orc zombies (Ossuary)
  4 rats
115 creatures vanquished.

Vanquished Creatures (others)
  458 foxfires
  6 plants (D:3)
464 creatures vanquished.

Grand Total: 579 creatures vanquished

Notes
Turn   | Place    | Note
-------+----------+-------------------------------------------
     0 | D:1      | Crownlay the Gnoll Fire Elementalist began the quest for
                  | the Orb.
     0 | D:1      | Reached XP level 1. HP: 13/13 MP: 6/6
   291 | D:1      | Reached XP level 2. HP: 19/19 MP: 5/7
   627 | D:1      | Found a faded altar of an unknown god.
  1067 | D:1      | Learned a level 2 spell: Scorch
  1105 | D:2      | Reached skill level 5 in Spellcasting
  1105 | D:2      | Reached XP level 3. HP: 22/25 MP: 4/9
  1352 | D:2      | Reached skill level 1 in Invocations
  1377 | D:2      | Reached skill level 1 in Fighting
  1377 | D:2      | Reached skill level 1 in Short Blades
  1377 | D:2      | Reached skill level 1 in Long Blades
  1377 | D:2      | Reached skill level 1 in Axes
  1377 | D:2      | Reached skill level 1 in Maces & Flails
  1377 | D:2      | Reached skill level 1 in Polearms
  1377 | D:2      | Reached skill level 1 in Staves
  1377 | D:2      | Reached skill level 1 in Slings
  1377 | D:2      | Reached skill level 1 in Bows
  1377 | D:2      | Reached skill level 1 in Crossbows
  1377 | D:2      | Reached skill level 1 in Throwing
  1377 | D:2      | Reached skill level 1 in Armour
  1377 | D:2      | Reached skill level 1 in Shields
  1377 | D:2      | Reached skill level 1 in Unarmed Combat
  1377 | D:2      | Reached skill level 1 in Evocations
  1629 | D:2      | Reached XP level 4. HP: 32/32 MP: 9/11
  2048 | D:3      | Noticed Sigmund
  2078 | D:3      | Killed Sigmund
  2079 | D:3      | Reached skill level 1 in Hexes
  2079 | D:3      | Reached skill level 1 in Summonings
  2079 | D:3      | Reached skill level 1 in Necromancy
  2079 | D:3      | Reached skill level 1 in Translocations
  2079 | D:3      | Reached skill level 1 in Transmutations
  2079 | D:3      | Reached skill level 1 in Ice Magic
  2079 | D:3      | Reached skill level 1 in Air Magic
  2079 | D:3      | Reached skill level 1 in Earth Magic
  2079 | D:3      | Reached skill level 1 in Poison Magic
  2079 | D:3      | Reached XP level 5. HP: 23/38 MP: 6/12
  2079 | D:3      | Reached XP level 6. HP: 27/44 MP: 6/13
  2354 | D:3      | Found Ywagiw's Antique Armour Boutique.
  2527 | D:3      | Noticed Natasha
  2536 | D:3      | Killed Natasha
  2537 | D:3      | Reached skill level 5 in Dodging
  2861 | D:3      | Noticed Natasha
  2865 | D:3      | Killed Natasha
  2909 | D:3      | Noticed Natasha
  2915 | D:3      | Killed Natasha
  3088 | D:3      | Learned a level 4 spell: Flame Wave
  3135 | D:4      | Found a sand-covered staircase.
  3141 | Ossuary  | Entered an ossuary
  3170 | Ossuary  | Reached XP level 7. HP: 50/50 MP: 11/15
  3847 | D:4      | Found a staircase to the Ecumenical Temple.
  3856 | Temple   | Entered the Ecumenical Temple
  4005 | Temple   | Became a worshipper of Sif Muna the Loreminder
  4325 | D:4      | Reached skill level 5 in Stealth
  4611 | D:4      | Reached XP level 8. HP: 55/57 MP: 10/16
  5327 | D:5      | Entered Level 5 of the Dungeon
  5653 | D:5      | Reached * piety under Sif Muna
  6803 | D:5      | Reached XP level 9. HP: 11/54 MP: 9/18
  7118 | D:4      | Slain by an adder

Illustrated notes

Levels and vault maps discovered:
D:1:      ebering_trefoil_3fold, layout_loops_ring,
          shapermc_ecumenical_altar_venn, minmay_liquid_box, minmay_tromino_v4_c
D:2:      layout_loops_cross
D:3:      layout_basic, serial_shops, nicolae_shop_overgrown_old_shop,
          minmay_misc_feat_columns, uniq_natasha, uniq_sigmund
D:4:      layout_basic, minmay_temple_entry_proselytizer,
          nicolae_ossuary_entry_plus, minmay_close_crescents
D:5:      layout_gridville
D:6:      layout_loops_ring, hangedman_decor_opposing,
          minmay_misc_feat_ornament, uniq_pikel
Temple:   mainiacjoe_temple_cubbyholes

Skill      XL: |  1  2  3  4  5  6  7  8 |
---------------+-------------------------+-----
Conjurations   | 2 3 |  3.8
Spellcasting   | 5 6 |  6.3
Invocations    | 1 2 3 4 |  4.1
Fighting       | 1 2 3 |  3.8
Short Blades   | 1 2 3 |  3.8
Long Blades    | 1 2 3 |  3.8
Axes           | 1 2 3 |  3.8
Maces & Flails | 1 2 3 |  3.8
Polearms       | 1 2 3 |  3.8
Staves         | 1 2 3 |  3.8
Slings         | 1 2 3 |  3.8
Bows           | 1 2 3 |  3.8
Crossbows      | 1 2 3 |  3.8
Throwing       | 1 2 3 |  3.8
Armour         | 1 2 3 |  3.8
Shields        | 1 2 3 |  3.8
Unarmed Combat | 1 2 3 |  3.8
Evocations     | 1 2 3 |  3.8
Hexes          | 1 2 3 |  3.1
Summonings     | 1 2 3 |  3.1
Necromancy     | 1 2 3 |  3.1
Translocations | 1 2 3 |  3.1
Transmutations | 1 2 3 |  3.1
Ice Magic      | 1 2 3 |  3.1
Air Magic      | 1 2 3 |  3.1
Earth Magic    | 1 2 3 |  3.1
Poison Magic   | 1 2 3 |  3.1
Dodging        | 5 6 |  6.0
Stealth        | 5 |  5.7
Fire Magic     | 6 |  6.3

Action                   |  1- 3 |  4- 6 |  7- 9 || total
-------------------------+-------+-------+-------++-------
Melee: Short sword       |     7 |    12 |    47 ||    66
       Punch             |       |     1 |       ||     1
       Bite              |       |       |     1 ||     1
 Cast: Foxfire           |    48 |    58 |   160 ||   266
       Scorch            |       |     1 |     7 ||     8
       Flame Wave        |       |       |     5 ||     5
  Use: Scroll            |       |       |     5 ||     5
 Stab: Sleeping          |     1 |     1 |       ||     2
Armor: Robe              |     2 |     2 |    11 ||    15
Dodge: Dodged            |    16 |    13 |    98 ||   127

Table legend: (Time is in decaauts)
 A = Elapsed time spent in this place.
 B = Non-inter-level travel time spent in this place.
 C = Inter-level travel time spent in this place.
 D = Time resting spent in this place.
 E = Time spent auto-exploring this place.
 F = Levels seen in this place.
 G = Mean time per level.
                   A        B        C        D        E       F      G
               +--------+--------+--------+--------+--------+-----+--------+
         Total |   7122 |   6892 |    230 |    170 |   5687 |   8 |  890.2 |
       Dungeon |   6358 |   6211 |    147 |      0 |   5299 |   6 | 1059.7 |
        Temple |    391 |    308 |     83 |    156 |    142 |   1 |  391.0 |
       Ossuary |    373 |    373 |      0 |     14 |    246 |   1 |  373.0 |
               +--------+--------+--------+--------+--------+-----+--------+

Top non-repeatable levels by time:
     D:5: 1589 daAuts
     D:4: 1453 daAuts
     D:3: 1221 daAuts
     D:1: 1091 daAuts
     D:2: 977 daAuts
  Temple: 391 daAuts
 Ossuary: 373 daAuts
     D:6: 23 daAuts
